 Dungeon Sprint DCSS version bcrawl-1.31.3 (webtiles) character file.

Game seed: 76878839115962487

1777157 pasperui the Bludgeoner (level 11, -4/134 HPs)
             Began as an Ent Fighter on Apr 5, 2021.
             Was the Champion of Cheibriados.
             Slain by a shadow wraith (18 damage)
             ... in the Dungeon (Sprint VII: "The Pits").
             The game lasted 00:09:33 (1281 turns).

pasperui the Bludgeoner (Ent Fighter)               Turns: 1281, Time: 00:09:34

Health: -4/134     AC: 28    Str: 46    XL:     11   Next: 33%
Magic:  17/17      EV: 15    Int: 23    God:    Cheibriados [******]
Gold:   8          SH: 16    Dex: 24    Spells: 10/10 levels left

rFire    . . .     SeeInvis .   x - +2 morningstar (protect)
rCold    . . .     Gourm    .   b - +0 medium shield
rNeg     + + +     Faith    .   (armour unavailable)
rPois    +         Spirit   .   (helmet restricted)
rElec    .         Reflect  .   (no cloak)
rCorr    .         Harm     .   (gloves unavailable)
MR       +....     NoTele   +   (boots unavailable)
Stlth    ++........             (no amulet)
HPRegen  0.32/turn              t - +3 ring of protection
MPRegen  0.15/turn              u - +3 ring of strength

@: protection aura, slowed, very slow
A: large, slow actions, passwall, strong branches, negative energy resistance 3,
poison resistance, slow metabolism 1, torment resistance, unbreathing, AC +18
a: Passwall, Bend Time, Temporal Distortion, Slouch, Step From Time, Renounce
Religion


You were in the Dungeon.
You worshipped Cheibriados.
Cheibriados was exalted by your worship.
You were hungry.

You visited 1 branch You collected 8 gold pieces.

Inventory:

Hand Weapons
 a - a +0 flail
 l - a +2 mace
 x - a +2 morningstar of protection (weapon)
 y - a +0 giant club
Missiles
 r - 457 stones (quivered)
 z - 31 large rocks
Armour
 b - a +0 medium shield (worn)
Magical Staves
 s - an uncursed staff of power
Jewellery
 t - a +3 ring of protection (left hand)
 u - a +3 ring of strength (right hand)
 B - an uncursed ring of ice
 C - an uncursed ring of positive energy
 D - an uncursed ring of positive energy
Scrolls
 j - 2 scrolls of blinking
 n - 2 scrolls of vulnerability
 o - 4 scrolls of remove curse
 p - 5 scrolls of amnesia
 q - a scroll of summoning
 E - a scroll of fog
 F - 4 scrolls of enchant weapon
 H - 3 scrolls of fear
Potions
 c - a potion of might
 d - 9 potions of curing
 f - 19 potions of heal wounds
 g - 2 potions of haste
 h - 4 potions of magic
 i - 4 potions of berserk rage
 m - a potion of invisibility
 v - a potion of agility
 w - 2 potions of mutation
 A - 2 potions of flight
 G - a potion of resistance
Comestibles
 e - 9 rations {!d}
 k - 3 chunks of flesh


   Skills:
 - Level 12.3 Fighting
 - Level 16.1 Maces & Flails
 - Level 10.4 Throwing
 * Level 7.0 Dodging
 - Level 13.0 Shields
 - Level 8.8 Invocations


You had 10 spell levels left.
You didn't know any spells.
Your spell library was empty.

Dungeon Overview and Level Annotations

Branches:
Dungeon (1/1)

Altars:
Ashenzari
Cheibriados
Dithmenos
Elyvilon
Fedhas
Gozag
Hepliaklqana
Kikubaaqudgha
Lugonu
Makhleb
Nemelex Xobeh
Okawaru
Qazlal
Ru
Sif Muna
Trog
Uskayaw
Vehumet
Wu Jian
Xom
Yredelemnul
Zin
The Shining One
Beogh
Jiyva


Innate Abilities, Weirdness & Mutations

You move and act slowly.
You can pass through walls and trees.
Your branches can wield two-handed weapons with a shield.
Your thick bark is tough. (AC +18)
You are too large for most types of armour.
You are immune to negative energy. (rN+++)
Your system is resistant to poisons. (rPois)
You have a slow metabolism.
You are immune to unholy pain and torment.
You can survive without breathing.


Message History

You feel much better. Something hits you. Something hits you!!
* * * LOW HITPOINT WARNING * * *
Something drains your vigour!
You feel as though you will be slow longer.
The molten gargoyle blasts magma at you!
The bolt of magma misses you. Something hits you but does no damage.
You block the molten gargoyle's attack.
Unknown command.
You puncture the molten gargoyle!
The molten gargoyle is almost destroyed.
Something hits you!
* * * LOW HITPOINT WARNING * * *
Something drains your vigour!
You feel as though you will be slow longer.
The molten gargoyle misses you.
You sock the molten gargoyle!
You destroy the molten gargoyle!
Cheibriados thoroughly appreciates the change of pace.
Something hits you!!
You die...

..# ..# ######### .k# ....##..#
..# ....##..# ..# ....'').# ..#
....''..##########..#
....##..†.......@...#
....##...........)..#
#####################
############### ############
.##..'...##...### #..........#
##...#..##......###....#####'#
#...##..#........##.####.....##
...##...'.........###.........#
..##....###.......##..........##


There were no monsters in sight!

Vanquished Creatures
  A ghost moth (D)
  2 death yaks (D)
  A vampire mage (D)
  A sea snake (D)
  A cyclops (D)
  A lindwurm (D)
  A deep elf mage (D)
  2 elephants (D)
  2 molten gargoyles (D)
  A black mamba (D)
  A rime drake (D)
  A freezing wraith (D)
  A hellwing (D)
  A merfolk (D)
  A tyrant leech (D)
  A snapping turtle (D)
  4 hornets (D)
  A bog body (D)
  2 tarantellas (D)
  A redback (D)
  A shadow (D)
  A wraith (D)
  Eustachio (D)
  A fire bat (D)
  2 wargs (D)
  A small abomination (D)
  A porcupine (D)
  A floating eye (D)
  A soldier ant (D)
  An eye of draining (D)
  A phantom (D)
  A sky beast (D)
  An ogre (D)
  A gnoll sergeant (D)
  A quasit (D)
  A gnoll shaman (D)
  An iron imp (D)
  2 jellies (D)
  A worker ant (D)
  5 gnolls (D)
  A river rat (D)
  An ufetubus (D)
  An adder skeleton (D)
  A worm (D)
  A leopard gecko (D)
  A hobgoblin (D)
  A ball python (D)
  A frilled lizard (D)
  A giant cockroach zombie (D)
  A kobold (D)
  2 rats (D)
65 creatures vanquished.

Vanquished Creatures (others)
  A soldier ant (D)
1 creature vanquished.

Grand Total: 66 creatures vanquished

Notes
Turn   | Place    | Note
-------+----------+-------------------------------------------
     0 | D        | pasperui the Ent Fighter began the quest for the Orb.
     0 | D        | Reached XP level 1. HP: 25/25 MP: 1/1
    17 | D        | Reached skill level 3 in Maces & Flails
    47 | D        | Found a glowing golden altar of the Shining One.
    47 | D        | Found a glowing silver altar of Zin.
    47 | D        | Found a basalt altar of Yredelemnul.
    47 | D        | Found a shimmering altar of Xom.
    47 | D        | Found an ornate altar of the Wu Jian Council.
    47 | D        | Found a bloodstained altar of Trog.
    47 | D        | Found a shimmering blue altar of Sif Muna.
    47 | D        | Found a sacrificial altar of Ru.
    47 | D        | Found a stormy altar of Qazlal.
    47 | D        | Found an iron altar of Okawaru.
    47 | D        | Found a sparkling altar of Nemelex Xobeh.
    47 | D        | Found a burning altar of Makhleb.
    47 | D        | Found a viscous altar of Jiyva.
    47 | D        | Found a hazy altar of Hepliaklqana.
    47 | D        | Found an opulent altar of Gozag.
    47 | D        | Found a blossoming altar of Fedhas.
    47 | D        | Found a white marble altar of Elyvilon.
    47 | D        | Found a shadowy altar of Dithmenos.
    47 | D        | Found a snail-covered altar of Cheibriados.
    48 | D        | Found a radiant altar of Vehumet.
    48 | D        | Found a corrupted altar of Lugonu.
    48 | D        | Found a roughly hewn altar of Beogh.
    50 | D        | Found a hide-covered altar of Uskayaw.
    50 | D        | Found an ancient bone altar of Kikubaaqudgha.
    50 | D        | Found a shattered altar of Ashenzari.
    58 | D        | Became a worshipper of Cheibriados the Contemplative
    73 | D        | Reached skill level 5 in Maces & Flails
    74 | D        | Reached * piety under Cheibriados
    85 | D        | Reached XP level 2. HP: 31/33 MP: 2/2
   101 | D        | Reached ** piety under Cheibriados
   102 | D        | Reached skill level 8 in Maces & Flails
   102 | D        | Reached XP level 3. HP: 34/40 MP: 3/3
   102 | D        | Noticed a floating eye
   116 | D        | Reached *** piety under Cheibriados
   120 | D        | Killed a floating eye
   121 | D        | Reached XP level 4. HP: 46/49 MP: 3/10
   121 | D        | Reached XP level 5. HP: 53/57 MP: 3/11
   166 | D        | Noticed a porcupine
   168 | D        | Reached **** piety under Cheibriados
   171 | D        | Noticed a phantom
   172 | D        | Killed a porcupine
   172 | D        | Reached ***** piety under Cheibriados
   173 | D        | Reached skill level 10 in Fighting
   173 | D        | Reached XP level 6. HP: 71/84 MP: 6/12
   213 | D        | Reached XP level 7. HP: 91/99 MP: 11/13
   226 | D        | Noticed a merfolk
   249 | D        | Killed a merfolk
   250 | D        | Reached skill level 11 in Maces & Flails
   354 | D        | Reached skill level 5 in Dodging
   358 | D        | Reached ****** piety under Cheibriados
   369 | D        | Noticed a bog body
   379 | D        | Reached XP level 8. HP: 69/107 MP: 14/14
   384 | D        | Killed a bog body
   508 | D        | Noticed a deep elf mage
   508 | D        | Noticed a sea snake
   526 | D        | Killed a sea snake
   526 | D        | Killed a deep elf mage
   527 | D        | Reached XP level 9. HP: 17/116 MP: 5/15
   528 | D        | Noticed a tyrant leech
   672 | D        | Killed a tyrant leech
   673 | D        | Reached skill level 10 in Throwing
   816 | D        | Reached skill level 5 in Shields
   817 | D        | Noticed an elephant
   817 | D        | Noticed a freezing wraith
   818 | D        | Noticed a hellwing
   821 | D        | Killed a hellwing
   821 | D        | Killed a freezing wraith
   823 | D        | Killed an elephant
   857 | D        | Reached XP level 10. HP: 102/126 MP: 10/16
   883 | D        | Reached skill level 10 in Shields
   890 | D        | Noticed a death yak
   899 | D        | Killed a death yak
   919 | D        | Noticed a lindwurm
   919 | D        | Noticed a cyclops
   924 | D        | Killed a lindwurm
   930 | D        | Killed a ghost moth
   954 | D        | Killed a cyclops
  1038 | D        | Noticed a black mamba
  1039 | D        | Noticed an elephant
  1042 | D        | Reached skill level 12 in Maces & Flails
  1042 | D        | Noticed a molten gargoyle
  1042 | D        | Noticed a vampire mage
  1045 | D        | Killed a black mamba
  1045 | D        | Killed a molten gargoyle
  1046 | D        | Reached skill level 13 in Maces & Flails
  1046 | D        | Reached XP level 11. HP: 126/134 MP: 11/17
  1046 | D        | Killed a vampire mage
  1047 | D        | Reached skill level 14 in Maces & Flails
  1048 | D        | Noticed a death yak
  1050 | D        | Reached skill level 15 in Maces & Flails
  1059 | D        | Killed a death yak
  1227 | D        | Noticed Eustachio
  1232 | D        | Reached skill level 16 in Maces & Flails
  1255 | D        | Killed Eustachio
  1269 | D        | Noticed a lindwurm
  1281 | D        | Slain by a shadow wraith

Skill      XL: |  1  2  3  4  5  6  7  8  9 10 11 |
---------------+----------------------------------+-----
Maces & Flails | 5 8 11 13 16 | 16.1
Invocations    | 8 |  8.8
Fighting       | 10 12 | 12.3
Dodging        | 7 |  7.0
Throwing       | 9 10 | 10.4
Shields        | 8 13 | 13.0

Action                   |  1- 3 |  4- 6 |  7- 9 | 10-12 || total
-------------------------+-------+-------+-------+-------++-------
Melee: Mace              |    33 |    17 |    51 |       ||   101
       Flail             |     6 |       |       |       ||     6
       Morningstar       |       |       |    33 |    81 ||   114
Throw: Stone             |     1 |       |     4 |     1 ||     6
Invok: Slouch            |       |     2 |     5 |     4 ||    11
  Use: Potion            |       |       |     2 |     2 ||     4
 Stab: Sleeping          |       |     1 |       |     1 ||     2
       Invisible         |       |       |       |     1 ||     1
  Eat: Chunk             |       |       |     1 |     1 ||     2
       Ration            |       |       |     1 |       ||     1
Armor: Skin              |    18 |     9 |    35 |    49 ||   111
Dodge: Dodged            |    16 |     8 |    39 |    68 ||   131
Block: Medium shield     |    18 |    15 |    53 |    90 ||   176
